 Dungeon Crawl Stone Soup version 0.27.1-35-g4d5d836560 (webtiles) character file.

Game seed: 6291560083823975317

30 xaos the Firebug (level 3, 0/24 HPs)
             Began as a Human Fire Elementalist on Mar 29, 2022.
             Slain by a goblin (6 damage)
             ... led by Robin
             ... on level 2 of the Dungeon.
             The game lasted 00:08:00 (2215 turns).

xaos the Firebug (Human Fire Elementalist)          Turns: 2215, Time: 00:08:01

Health: 0/24       AC:  2    Str:  9    XL:     3   Next: 37%
Magic:  6/6        EV: 12    Int: 15    God:
Gold:   41         SH:  0    Dex: 13    Spells: 5/6 levels left

rFire    . . .     SeeInvis .   h - +3 dagger
rCold    . . .     Faith    .   (no shield)
rNeg     . . .     Spirit   .   a - +0 robe
rPois    .         Reflect  .   (no helmet)
rElec    .         Harm     .   (no cloak)
rCorr    .         Rampage  .   (no gloves)
Will     .....                  (no boots)
Stlth    ++........             (no amulet)
HPRegen  0.08/turn              (no ring)
MPRegen  0.10/turn              (no ring)

@: no status effects
A: no striking features
a: no special abilities


You were on level 2 of the Dungeon.
You visited 1 branch of the dungeon, and saw 2 of its levels.

You collected 41 gold pieces.

Inventory:

Hand Weapons
 h - a +3 dagger (weapon)
Missiles
 c - 10 bolts
 d - 18 arrows
 g - 2 stones
Armour
 a - a +0 robe (worn)
Scrolls
 f - a scroll of vulnerability {unknown}
Potions
 b - a potion of curing {unknown}
 e - a potion of heal wounds {unknown}


   Skills:
 + Level 2.1 Dodging
 + Level 2.1 Stealth
 + Level 2.2 Spellcasting
 + Level 1.2 Conjurations
 + Level 3.7 Fire Magic


You had 5 spell levels left.
You knew the following spells:

 Your Spells              Type           Power      Damage    Failure   Level
a - Foxfire               Conj/Fire      36%        2x1d5     8%          1

Your spell library contained the following spells:

 Spells                   Type           Power      Damage    Failure   Level
 Conjure Flame            Conj/Fire      9%         6-21      24%         3
 Inner Flame              Hex/Fire       7%         N/A       30%         3
 Gell's Gravitas          Tloc           0%         N/A       54%         3
 Teleport Other           Tloc           1%         N/A       54%         3
 Sticky Flame             Conj/Fire      9%         2d3       61%         4
 Fireball                 Conj/Fire      4%         3d4       91%         5
 Dispersal                Tloc           0%         N/A       100%        6


Dungeon Overview and Level Annotations

Branches:
Dungeon (2/15)

Altars:

Annotations:
D:2 Robin


Message History

You kill the goblin!
The goblin shouts!
Robin roars a battlecry!
The goblins go into a battle-frenzy!
You closely miss the goblin. Robin throws the goblin at you!
The goblin hits you with a +0 club. The goblin hits you but does no damage.
You closely miss the goblin. The goblin barely misses you. x2
The goblin hits you with a +0 club.
You closely miss the goblin.
The goblin hits you but does no damage. x2
Unknown command.
Casting: Foxfire (safe; 8% risk of failure)
Press: ? - help, Q - select action, (/) - cycle Dir - look around, f - activate Look: a goblin, wielding a +0 dagger (strong)
There is not enough space to conjure foxfire!
You closely miss the goblin. The goblin misses you.
The goblin hits you with a +0 dagger.
* * * LOW HITPOINT WARNING * * *
Unknown command.
You hit the goblin.
You kill the goblin!
You hit the goblin.
The goblin is severely wounded.
The goblin misses you.
You hit the goblin.
You kill the goblin!
You hit the goblin.
The goblin is severely wounded.
The goblin closely misses you. The goblin hits you but does no damage.
You barely miss the goblin.
The goblin is severely wounded.
The goblin hits you but does no damage. The goblin hits you with a +0 club.
* * * LOW HITPOINT WARNING * * *
You hit the goblin.
You kill the goblin!
Robin throws the goblin at you! The goblin closely misses you. x2
You hit the goblin.
The goblin is severely wounded.
Robin roars a battlecry!
The goblin hits you with a +0 club.
You die...

#.........###
####..#
...####.†..#
####....##
#....####....####
#.....#...####
#.......###
#......##
..........#
.#.######g####
.... #@ggg## ..
####.g# ##<#
#..gg.gg..
#........(
#...g.....
...>...:..
##.........
#>........


You could see Robin, a hobgoblin (strong) and 3 goblins.

Vanquished Creatures
  A bat (D:1)
  2 endoplasms (D:1)
  3 hobgoblins (D:1)
  A quokka (D:1)
  5 ball pythons
  A frilled lizard (D:2)
  9 goblins
  A kobold (D:1)
  3 rats (D:1)
26 creatures vanquished.

Vanquished Creatures (others)
  24 foxfires (D:1)
24 creatures vanquished.

Grand Total: 50 creatures vanquished

Notes
Turn   | Place    | Note
-------+----------+-------------------------------------------
     0 | D:1      | xaos the Human Fire Elementalist began the quest for the
                  | Orb.
     0 | D:1      | Reached XP level 1. HP: 13/13 MP: 3/3
   479 | D:1      | Reached XP level 2. HP: 14/19 MP: 5/5
   832 | D:1      | Found a faded altar of an unknown god.
  1908 | D:1      | Reached XP level 3. HP: 19/24 MP: 4/6
  2198 | D:2      | Noticed Robin
  2215 | D:2      | Slain by a goblin

Illustrated notes

Levels and vault maps discovered:
D:1:      giann_horns, layout_loops_cross, ebering_ecumenical_altar_webs
D:2:      layout_rooms, uniq_robin

Action                   || total
-------------------------++-------
Melee: Dagger            ||    76
       Unarmed           ||     2
 Cast: Foxfire           ||    15
 Stab: Sleeping          ||     3
Armor: Robe              ||    21
Dodge: Dodged            ||    67
